 Dungeon Crawl Stone Soup version 0.31-a0-150-g89dc3ad700 (webtiles) character file.

Game seed: 3659812319383053414

91 qw the Shooter (level 4, -1/28 HPs)
             Began as a Gargoyle Hunter on June 8, 2023.
             Killed by divine providence
             ... invoked by an orc priest
              (14 damage)
             ... on level 2 of the Dungeon.
             The game lasted 00:00:30 (1044 turns).

qw the Shooter (Gargoyle Hunter)                    Turns: 1044, Time: 00:00:30

Health: -1/28      AC:  9    Str: 14    XL:     4   Next: 59%
Magic:  4/4        EV: 11    Int: 10    God:
Gold:   86         SH:  5    Dex: 15    Spells: 3/3 levels left

rFire   . . .        Y - +0 shortbow
rCold   . . .        (shield currently unavailable)
rNeg    + . .        e - +0 ring mail
rPois   inf          (no helmet)
rElec   +            (no cloak)
rCorr   .            (no gloves)
SInv    .            (no boots)
Will    .....        i - amulet of reflection
Stlth   +            (no ring)
HPRegen 0.24/turn    (no ring)
MPRegen 0.09/turn

%: reflection
@: no status effects
A: sickness immunity, AC +3, negative energy resistance 1, electricity
resistance, torment resistance 1, petrification resistance
a: no special abilities


You were on level 2 of the Dungeon.
You visited 1 branch of the dungeon, and saw 2 of its levels.

You collected 86 gold pieces.


Innate Abilities, Weirdness & Mutations

You are immune to sickness and miasma.
Your stone body is resilient. (AC +3)
You are immune to poison.
You resist negative energy. (rN+)
You are resistant to electric shocks. (rElec)
You are resistant to unholy torment.
You are immune to petrification.


   Skills:
 - Level 3.2 Fighting
 + Level 5.0 Ranged Weapons
 - Level 1.9 Armour
 - Level 1.5 Dodging
 - Level 1.1 Stealth


You had 3 spell levels left.
You didn't know any spells.
Your spell library was empty.

Inventory:

Hand Weapons
 Y - a +0 shortbow (weapon)
Armour
 b - a +0 helmet
 e - a +0 ring mail (worn)
Jewellery
 a - a ring of protection from cold
 i - an amulet of reflection (around neck)
Potions
 d - a potion of mutation {unknown}
 h - a potion of might
 j - a potion of lignification {unknown}

Dungeon Overview and Level Annotations

Branches:
Dungeon (2/15)

Altars:


Message History

You kill the orc!
You shoot an arrow. The arrow barely misses the orc.
An orc comes into view. It is wielding a +0 flail.
You shoot an arrow. The arrow hits the orc.
The orc is almost dead.
The orc hits you with a +0 mace.
An orc comes into view. It is wielding a +0 club.
You shoot an arrow. The arrow closely misses the orc.
The orc misses you. The orc hits you with a +0 mace.
The orc priest calls upon Beogh to heal the orc.
The orc is healed somewhat.
You shoot an arrow. The arrow barely misses the orc.
The arrow hits the orc but does no damage.
An orc priest comes into view. It is wielding a +0 club.
The orc hits you with a +0 mace. The orc priest closely misses you.
You shoot an arrow. The arrow closely misses the orc.
The arrow barely misses the orc.
The orc priest calls upon Beogh to heal the orc.
The orc's wounds heal themselves!
The orc priest barely misses you. The orc closely misses you.
You shoot an arrow. The arrow hits the orc priest!
The orc priest is heavily wounded.
You block the orc priest's attack. The orc misses you.
You shoot an arrow. The arrow hits the orc priest!
You kill the orc priest!
The orc priest invokes the aid of Beogh against you.
Beogh smites you! The orc closely misses you. You block the orc's attack.
The orc hits you but does no damage.
Your Fighting skill increases to level 3!
You shoot an arrow. The arrow hits the orc!
You kill the orc!
You block the orc's attack.
You shoot an arrow. The arrow closely misses the orc.
The arrow hits the orc priest.
The orc priest is lightly wounded.
You block the orc's attack.
The orc priest mumbles some strange prayers to Beogh against you.
Beogh smites you!
Ouch! That really hurt!
You die... # ###.......PP7 #. ##...##77...77 #.###..### 77.77 #.......# 777

.. ###...#.# #.
#...###.# #.# #.### #.#
##### .<. #.#
###.#####...... #.. ##.#
#..%...@o..o...
...##..###.######o......
#.#..#.....# .......
#...##.....# (......
###..##.....# #......
....>.......# ......
#.#77..7....# .#####
#.#77..7##### ..
#.#.77.7


You could see an orc priest and 2 orcs.

Vanquished Creatures
  An orc priest (D:2)
  Terence (D:2)
  2 orcs (D:2)
  2 bats
  6 endoplasms
  A giant cockroach (D:1)
  2 goblins (D:1)
  2 hobgoblins (D:1)
  2 jackals (D:1)
  4 kobolds
  A quokka (D:1)
  5 ball pythons
  A frilled lizard (D:2)
  A rat (D:1)
31 creatures vanquished.

Notes
Turn   | Place    | Note
-------+----------+-------------------------------------------
     0 | D:1      | qw the Gargoyle Hunter began the quest for the Orb.
     0 | D:1      | Reached XP level 1. HP: 12/12 MP: 1/1
     0 | D:1      | 0 ||| qw: Version: 0.2-a-120-gdf1a93b
     0 | D:1      | 0 ||| qw: Game counter: 3002
     0 | D:1      | 0 ||| qw: Always use a shield: true
     0 | D:1      | 0 ||| qw: God list: Okawaru
     0 | D:1      | 0 ||| qw: Allow faded altars: false
     0 | D:1      | 0 ||| qw: Do Orc after D:15 true
     0 | D:1      | 0 ||| qw: Do second Lair branch before Depths: true
     0 | D:1      | 0 ||| qw: Lair rune preference: random
     0 | D:1      | 0 ||| qw: Plans: Normal
     0 | D:1      | 0 ||| PLANNING D:1-11
    61 | D:1      | Found a faded altar of an unknown god.
   113 | D:1      | Reached XP level 2. HP: 17/17 MP: 2/2
   607 | D:1      | Reached XP level 3. HP: 21/21 MP: 3/3
   639 | D:1      | 639 ||| UPGRADING to +0 ring mail.
   649 | D:1      | 649 ||| DROPPING +0 leather armour.
   650 | D:1      | 650 ||| UPGRADING to amulet of reflection.
   655 | D:1      | 655 ||| READING scroll labelled DIGHAP CAOXKIC.
   659 | D:1      | 659 ||| READING scroll labelled ONKOG ITIETT.
   660 | D:1      | 660 ||| DRINKING 2 silvery potions.
   661 | D:1      | 661 ||| DROPPING scroll of butterflies.
   698 | D:2      | Noticed Terence
   715 | D:2      | Killed Terence
   716 | D:2      | Reached skill level 1 in Armour
   753 | D:2      | Reached skill level 5 in Ranged Weapons
   952 | D:2      | Reached XP level 4. HP: 27/27 MP: 4/4
  1043 | D:2      | Reached skill level 3 in Fighting
  1044 | D:2      | Killed from afar by an orc priest

Levels and vault maps discovered:
D:1:      psy_arrival_whirlpool, layout_basic, dreamdust_ecumenical_altar_grove
D:2:      cheibrodos_pilgrimage, layout_basic, serial_forest,
          infiniplex_forest_lined_2, infiniplex_forest_corner_1,
          infiniplex_forest_end_2, infiniplex_forest_lined_3,
          infiniplex_forest_straight_2, infiniplex_forest_lined_room_3,
          infiniplex_forest_end_2, infiniplex_forest_lined_2, uniq_terence

Skill      XL: |  1  2  3  4 |
---------------+-------------+-----
Armour         | 1 |  1.9
Ranged Weapons | 5 |  5.0
Fighting       | 3 |  3.2
Dodging        | |  1.5
Stealth        | |  1.1

Action                     |  1- 3 |  4- 6 || total
---------------------------+-------+-------++-------
   Fire: Shortbow          |   109 |    18 ||   127
    Use: Scroll            |     2 |       ||     2
         Potion            |     1 |       ||     1
 Armour: Leather armour    |    21 |       ||    21
         Ring mail         |    11 |     1 ||    12
  Dodge: Dodged            |    33 |     7 ||    40
  Block: Other             |     4 |     5 ||     9

Table legend:
 A = Non-vault XP
 B = Vault XP
 C = Vault XP percentage of total XP
 D = Non-vault monster count
 E = Vault monster count
 F = Vault count percentage of total count
                 A         B        C        D         E       F
            +---------+---------+-------+---------+---------+-------
      Total |      48 |      83 |  63.4 |      27 |       4 |  12.9
            +---------+---------+-------+---------+---------+-------
        D:1 |      36 |       0 |   0.0 |      20 |       0 |   0.0
        D:2 |      12 |      83 |  87.4 |       7 |       4 |  36.4
            +---------+---------+-------+---------+---------+-------
